 Dungeon Crawl Stone Soup version 0.25-a0-1130-g3926558f3a (webtiles) character file.

Game seed: 13757249577736360054, levelgen mode: classic

742 Amnesiac the Digger (level 7, -5/32 HPs)
             Began as a Vine Stalker Earth Elementalist on May 20, 2020.
             Slain by a troll (11 damage)
             ... on level 4 of the Dungeon.
             The game lasted 00:08:53 (4042 turns).

Amnesiac the Digger (VSEE)                          Turns: 4042, Time: 00:08:53

Health: -5/32      AC:  2    Str: 12    XL:     7   Next: 76%
Magic:  0/11       EV: 12    Int: 15    God:
Gold:   288        SH:  0    Dex: 15    Spells: 4/11 levels left

rFire    . . .     SeeInvis .   b - +1 dagger (speed)
rCold    . . .     Gourm    .   (no shield)
rNeg     . . .     Faith    .   c - +0 robe
rPois    .         Spirit   +   (no helmet)
rElec    .         Reflect  .   (no cloak)
rCorr    .         Harm     .   (no gloves)
MR       .....                  (no boots)
Stlth    +++.......             (no amulet)
HPRegen  0.50/turn              u - ring of wizardry
MPRegen  0.12/turn              (no ring)

@: no status effects
A: fangs 2, regeneration 1, magic shield, antimagic bite, no potion heal 3, rot
immunity
a: no special abilities


You were on level 4 of the Dungeon.
You were not hungry.

You visited 1 branch of the dungeon, and saw 5 of its levels.

You collected 288 gold pieces.

Inventory:

Hand Weapons
 a - a +0 spear of venom
 b - a +1 dagger of speed (weapon)
 m - a cursed -1 short sword
Missiles
 h - 21 poisoned darts
 l - 108 stones (quivered)
Armour
 c - a +0 robe (worn)
 A - a cursed +0 ring mail
Jewellery
 u - a ring of wizardry (left hand)
Wands
 B - a wand of iceblast (6)
Scrolls
 e - 6 scrolls of identify {!r, unknown}
 g - a scroll of remove curse {!r, unknown}
 i - 2 scrolls of magic mapping {!r, unknown}
 o - 2 scrolls of immolation {!r, unknown}
 v - 2 scrolls of fog {!r, unknown}
 w - a scroll of enchant weapon {!r, unknown}
 x - 2 scrolls of teleportation {!r, unknown}
 y - a scroll of blinking {!r, unknown}
 C - a scroll of amnesia {!r, unknown}
 D - a scroll of enchant armour {!r, unknown}
Potions
 f - 2 potions of might {!q, unknown}
 j - a potion of invisibility {!q, unknown}
 k - a potion of berserk rage {!q, unknown}
 n - a potion of magic {!q, unknown}
 p - a potion of heal wounds {!q, unknown}
 q - 2 potions of curing {!q, unknown}
 r - a potion of brilliance {!q, unknown}
 s - a potion of cancellation {!q, unknown}
 t - a potion of degeneration {!q, unknown}
 z - a potion of stabbing {!q, unknown}
Comestibles
 d - 5 rations


   Skills:
 * Level 4.8 Short Blades
 - Level 1.5 Dodging
 + Level 4.8 Stealth
 - Level 2.5 Spellcasting
 + Level 3.2 Transmutations
 - Level 5.0 Earth Magic


You had 4 spell levels left.
You knew the following spells:

 Your Spells              Type           Power        Failure   Level  Hunger
a - Sandblast             Erth           ###...       1%          1    #......
b - Passwall              Tmut/Erth      ##......     2%          2    ###....
e - Petrify               Tmut/Erth      ##......     16%         4    #####..

Your spell library contained the following spells:

 Spells                   Type           Power        Failure   Level  Hunger
 Stone Arrow              Conj/Erth      #.....       9%          3    ###....
 Lee's Rapid Deconstruct  Erth           ###.......   28%         5    ######.


Dungeon Overview and Level Annotations

Branches:
Dungeon (5/15)
 Temple: D:4-7

Altars:

Annotations:
D:5 Grinder


Innate Abilities, Weirdness & Mutations

You have extremely sharp teeth.
Your natural rate of healing is unusually fast.
When hurt, damage is shared between your health and your magic reserves.
Your bite disrupts and absorbs the magic of your enemies.
Potions cannot restore your health.
You are immune to rotting.


Message History

Press: ? - help, Dir - move target cursor A rock wall.
You miscast Passwall.
You are very lightly contaminated with residual magic.
Nothing appears to happen.
Unknown command.
Unknown command.
Casting: Passwall (safe; 2% risk of failure)
Confirm with . or Enter, or press ? or * to list all spells.
Aiming: Passwall (safe; 2% risk of failure)
Press: ? - help, Dir - move target cursor A rock wall.
You begin to meditate on the wall.
You continue meditating on the rock. x2
You finish merging with the rock.
Found 19 stones.
Found 10 gold pieces.
Found a stone staircase leading down.
There is an open door here.
Found 18 gold pieces.
The orc shouts!
You hit the orc. You bite the orc. You drain its power.
You feel invigorated.
The orc is heavily wounded.
You hear a shout! x2
The orc hits you with a +0 trident.
An orc priest comes into view. It is wielding a +0 short sword.
You barely miss the orc. You bite the orc.
You kill the orc!
There is an open door here.
Casting: Passwall (safe; 2% risk of failure)
Confirm with . or Enter, or press ? or * to list all spells.
Aiming: Petrify (extremely dangerous; 16% risk of failure)
Press: ? - help, Shift-Dir - straight line, f - orc priest
Aim: an orc priest, wielding a +0 short sword and wearing a +0 chain mail (chance to defeat MR: 45%)
The orc priest resists with some effort.
You are starving!
Okay, then.
You don't have the energy to cast that spell.
You see here a +0 leather armour.
Your magical contamination has completely faded away.
There is a stone staircase leading up here.
Unknown command.
You eat one of the 6 rations.
That ration really hit the spot!
You swing at nothing.
You swing at nothing.
You start resting.
The orc priest is too close now for your liking.
The orc priest hits you with a +0 short sword.
There is a stone staircase leading up, spattered with blood here.
The orc priest hits you with a +0 short sword.
You climb upwards.
There is a stone staircase leading down here.
Casting: Petrify (extremely dangerous; 16% risk of failure)
Confirm with . or Enter, or press ? or * to list all spells.
Aiming: Petrify (extremely dangerous; 16% risk of failure)
Press: ? - help, Shift-Dir - straight line, f - orc priest
Aim: an orc priest, wielding a +0 short sword and wearing a +0 chain mail (chance to defeat MR: 45%)
The orc priest resists with some effort.
The troll shouts!
The orc priest calls down the wrath of Beogh upon you.
Beogh smites you!
The adder hisses angrily.
The troll closely misses you. The troll claws you!
* * * LOW HITPOINT WARNING * * *
The troll claws you!
You die...

######.#.#
#..S.#.....'...#
#......#.#
##...#.....#...#
#.######.#
#...#######.####### #.#
#.# #....#...#.........
#.# #.#
##...##.##.######## #.#
#.# #S...#'#.........# #.#
#.# ###.......#######.#
#.# #.#
#.).T..#..#######.# #.#
###.####.#@...#..........#
#.#
#........##.o####.########
#.#
#....##..##.>..........#
#.#
#....##..########.####.#
#.#
#....##........##.####.#
#.#
#....##.######.#.....#.#
#.#
#....##...####.#####.#.#
##.#
#########............#.#
...# ######.#..##.#.#


You could see a troll, an orc priest and an adder.

Vanquished Creatures
  2 scorpions
  A howler monkey (D:5)
  A crimson imp (D:5)
  2 hounds
  A jelly (D:2)
  4 orc priests
  Jessica (D:2)
  2 iguanas (D:4)
  A hound skeleton (D:4)
  4 gnolls (D:5)
  6 adders
  11 oozes
  3 worms
  2 dart slugs (D:2)
  A leopard gecko (D:1)
  22 orcs
  6 giant cockroaches
  7 goblins
  8 hobgoblins
  2 jackals (D:4)
  14 kobolds
  3 quokkas
  2 ball pythons
  9 bats
  5 frilled lizards
  2 jackal skeletons (D:4)
  A leopard gecko zombie (D:5)
  A quokka zombie (D:5)
  7 rats
131 creatures vanquished.

Vanquished Creatures (others)
  7 toadstools (D:2)
7 creatures vanquished.

Grand Total: 138 creatures vanquished

Notes
Turn   | Place    | Note
-------+----------+-------------------------------------------
     0 | D:1      | Amnesiac the Vine Stalker Earth Elementalist began the
                  | quest for the Orb.
     0 | D:1      | Reached XP level 1. HP: 9/9 MP: 4/4
   331 | D:1      | Reached XP level 2. HP: 13/13 MP: 6/6
   338 | D:1      | Learned a level 2 spell: Passwall
   800 | D:1      | Reached skill level 4 in Earth Magic
   879 | D:2      | Reached XP level 3. HP: 15/16 MP: 5/7
  1211 | D:2      | Gained mutation: Your natural rate of healing is unusually
                  | fast. [Vine Stalker growth]
  1211 | D:2      | Reached XP level 4. HP: 21/21 MP: 8/8
  1356 | D:2      | Reached skill level 5 in Earth Magic
  1488 | D:2      | Reached skill level 1 in Short Blades
  1506 | D:2      | Reached XP level 5. HP: 14/24 MP: 5/9
  1670 | D:2      | Noticed Jessica
  1690 | D:2      | Killed Jessica
  1790 | D:3      | Learned a level 4 spell: Petrify
  1841 | D:3      | Found a faded altar of an unknown god.
  1877 | D:3      | Reached XP level 6. HP: 25/28 MP: 10/10
  2828 | D:4      | Reached XP level 7. HP: 31/32 MP: 11/11
  3305 | D:4      | Noticed a troll
  3322 | D:5      | Entered Level 5 of the Dungeon
  3670 | D:5      | HP: 1/32 [hound (3)]
  3752 | D:5      | Noticed Grinder
  3788 | D:5      | Paralysed by Grinder for 2 turns
  3826 | D:5      | Paralysed by Grinder for 7 turns
  4042 | D:4      | Slain by a troll

Illustrated notes

Levels and vault maps discovered:
D:1:      heliophobic_arrival_enchanted_forest, layout_rooms
D:2:      cheibrodos_fertilizer, layout_rooms, minmay_cupped, uniq_jessica
D:3:      layout_basic, chequers_ecumenical_altar_simple
D:4:      layout_basic, first_ration, minmay_divided_ellipse
D:5:      layout_basic, uniq_grinder

Skill      XL: |  1  2  3  4  5  6  7 |
---------------+----------------------+-----
Earth Magic    | 4 5 |  5.0
Short Blades   | 1 2 3 4 |  4.8
Stealth        | 3 4 |  4.8
Transmutations | 2 3 |  3.2
Dodging        | |  1.5
Spellcasting   | |  2.5

Action                   |  1- 3 |  4- 6 |  7- 9 || total
-------------------------+-------+-------+-------++-------
Melee: Unarmed           |     6 |       |       ||     6
       Spear             |    69 |    58 |       ||   127
       Bite              |    13 |    72 |    22 ||   107
       Dagger            |       |   222 |    73 ||   295
 Cast: Sandblast         |     4 |    10 |    16 ||    30
       Petrify           |       |     2 |     7 ||     9
       Passwall          |       |     1 |    10 ||    11
 Stab: Sleeping          |     2 |    11 |     3 ||    16
       Petrified         |       |     2 |     3 ||     5
  Eat: Chunk             |     1 |     6 |     4 ||    11
       Ration            |       |       |     1 ||     1
Armor: Robe              |    10 |    17 |    11 ||    38
Dodge: Dodged            |    45 |   112 |    33 ||   190

Table legend:
 A = Non-vault XP
 B = Vault XP
 C = Vault XP percentage of total XP
 D = Non-vault monster count
 E = Vault monster count
 F = Vault count percentage of total count
                 A         B        C        D         E       F
            +---------+---------+-------+---------+---------+-------
      Total |     786 |     274 |  25.8 |     103 |      28 |  21.4
            +---------+---------+-------+---------+---------+-------
        D:1 |      29 |       0 |   0.0 |      14 |       0 |   0.0
        D:2 |      77 |     167 |  68.4 |      25 |      23 |  47.9
        D:3 |     203 |       0 |   0.0 |      33 |       0 |   0.0
        D:4 |     141 |     107 |  43.1 |      15 |       5 |  25.0
        D:5 |     336 |       0 |   0.0 |      16 |       0 |   0.0
            +---------+---------+-------+---------+---------+-------
